Unix NetHack Version 5.0.0-0 post-release - last build May 23 2026 06:08:33 (1c0ff79ee797540d5714e4e18072db0edd9e58ae,branch:main).

Game began 2026-05-28 07:11:12, ended 2026-05-28 16:04:28.

Atomicjoy, chaotic male elven Wizard

                                      ----           ----           ----- ---
                                     --..|  ---       ..|          --.|.---.--
                                     |..-----.--      ..|          |.....|...|
                                     |.--|.....| --   -.|          |.........|
               --                 ----.---....-|--.-  |"---        --........--
       -        .--  ----         |........|...||... --...---       |....|....|
       |.---- ---.---...          |......----.--|...--......---    --....|...--
       |..|..--.......            |%.....|  ---  -......`.)...|   ##.........|
        -...........-           ---.--...|       --.......*...#  #-........---
        |...........-------------...-----------   |....<--.|*.|  |.......---
        |.............e@G.........^.....`.....------....|----[----."..----
        --...........--f-.........----------..........-.-----.........|
         --......---........-------        -----..--.........----%....--
          |......| |........|                --...--.------...`........|
          |-.....---........--  -----        |..(......(.[|...[....^...---
          |..........-..............|        |.......`...................-
        -.........--......---......--        --.............---............|
        --...--.---|....---  - -- --          |...--..--...-- |..---.......|
         ---- ---  --.---                     -----------..|  ---- ---------
                    ---                                 ----

Atomicjoy the Conjurer    St:5 Dx:16 Co:16 In:20 Wi:9 Ch:9  Chaotic
Dlvl:8  $:0  HP:0(36) Pw:30(30) AC:-1 Xp:4/104 T:5501  Burdened

Latest messages:
 You can see again.
 You learn more about your items by comparing them.
 You have a little trouble lifting z - 2 uncursed daggers (15 in total).
 You see here 2 daggers.
 You learn more about your items by comparing them.
 You have a little trouble lifting z - 2 uncursed daggers (17 in total).
 The large cat bites the gnome.
 The gnome misses the large cat.
 The large cat bites the gnome.
 The gnome is killed!
 You have a little trouble lifting Y - a candle.
 Z - 2 violet gems.
 You stop.  Your large cat is in the way!
 You see here a gnome corpse.
 Your candle's flame flickers low!
 You have much trouble lifting a gnome corpse.  Continue? [ynq] (q) n
 What do you want to use or apply? [ck-ntwEKRUVY or ?*] w
 You put 594 gold pieces into the bag.
 Your candle is consumed!
 Its flame dies.
 You fail to cast the spell correctly.
 You miss the floating eye.
 You are frozen by the floating eye's gaze!
 The gnome lady throws 2 daggers!
 The 1st dagger misses you.
 You are hit by the 2nd dagger.
 The gnome lady throws a dagger!
 A dagger misses you.
 The gnome lady throws a dagger!
 You are almost hit by a dagger.
 The large cat bites the floating eye.
 The large cat is frozen by the floating eye's gaze!
 The gnome lady hits!
 The gnome lady hits!
 The gnome lady misses!
 The gnome lady just misses!
 The gnome lady hits!
 The gnome lady misses!
 The gnome lady hits!
 The gnome lady just misses!
 The gnome lady hits!
 The gnome lady hits!
 The gnome lady hits!
 The gnome lady misses!
 The gnome lady hits!
 The gnome lady hits!
 The gnome lady hits!
 The gnome lady hits!
 You die...
 Do you want your possessions identified? [ynq] (y) q

Inventory:
 Weapons  (')')
  z - 17 +0 daggers
  B - a +0 dwarvish spear
  O - the rustproof +1 Magicbane (weapon in right hand)
  i - a +0 orcish dagger
  F - a cursed corroded -1 dwarvish short sword
 Armor    ('[')
  I - an uncursed +0 dwarvish iron helm
  D - an uncursed +0 helmet (being worn)
  y - an uncursed +0 pair of water walking boots (being worn)
  b - an uncursed burnt +0 cloak of magic resistance (being worn)
  C - an uncursed +0 dwarvish mithril-coat (being worn)
 Comestibles  ('%')
  v - an uncursed slime mold
  X - an uncursed apple
  p - an uncursed food ration
 Rings    ('=')
  d - an uncursed ring of conflict
  e - an uncursed +1 ring of increase damage
  q - an uncursed ring of slow digestion
 Wands    ('/')
  c - a wand of locking (0:8)
  V - a wand of magic missile (0:6)
  K - a wand of teleportation (0:0)
 Tools    ('(')
  w - an uncursed bag of holding containing 13 items
  n - an uncursed tooled horn
  U - an uncursed brass lantern
  E - an uncursed lock pick
  m - a magic marker (0:20)
  k - an uncursed oil lamp (lit)
  Y - an uncursed tallow candle
  R - an uncursed tin whistle
  l - an uncursed partly used wax candle (lit)
 Gems/Stones  ('*')
  S - an uncursed black opal
  Z - 2 uncursed fluorite stones
  u - an uncursed jet stone
  P - an uncursed obsidian stone
  G - an uncursed worthless piece of black glass
  H - 2 uncursed worthless pieces of orange glass
  T - 2 uncursed worthless pieces of red glass
  L - an uncursed worthless piece of yellow glass
  J - an uncursed worthless piece of yellowish brown glass

Contents of the bag of holding:
  594 gold pieces
  an uncursed scroll of enchant armor
  a blessed scroll of create monster
  an uncursed scroll of confuse monster
  an uncursed scroll of remove curse
  a cursed scroll of magic mapping
  2 uncursed scrolls of identify
  an uncursed scroll of teleportation
  an uncursed potion of fruit juice
  an uncursed potion of acid
  an uncursed potion of healing
  2 uncursed potions of extra healing
  an uncursed potion of polymorph

Atomicjoy the Wizard's attributes:

Background:
 You were a Conjurer, a level 4 male elven Wizard.
 You were chaotic, on a mission for Anhur
 who was opposed by Ptah (lawful) and Thoth (neutral).
 You were right-handed.
 You were in the Gnomish Mines, on level 8.
 You entered the dungeon 5501 turns ago.
 You had 104 experience points, 56 more were needed to attain level 5.

Basics:
 You had 0 out of 36 hit points.
 You had all 30 energy points (spell power).
 Your armor class was -1.
 Your wallet was empty, but
 you had 594 zorkmids stashed away in your pack.
 Autopickup was off.

Final Characteristics:
 Your strength was 5 (peak:8, limit:18).
 Your dexterity was 16 (limit:18).
 Your constitution was 16 (limit:16).
 Your intelligence was 20 (limit:20).
 Your wisdom was 9 (limit:20).
 Your charisma was 9 (limit:18).

Final Status:
 You weren't hungry.
 You were burdened; movement was slightly slowed.
 You were wielding a dagger.
 You were unskilled in dagger.

Final Attributes:
 You were piously aligned.
 You were magic-protected.
 You were sleep resistant.
 You were poison resistant.
 You had infravision.
 You could walk on water.
 You had a small defense bonus (+3).
 You were guarded.
 Your spell casting was impaired by metallic armor.
 You are dead.

Miscellaneous:
 You didn't encounter any bones levels.
 Total elapsed playing time was 2 hours and 13 seconds.

Major events:
 Turn
    1: Atomicjoy the chaotic male elven Wizard entered the dungeon
  666: entered the Gnomish Mines
 1314: attained the rank of Conjurer (level 3)
 1526: was bestowed with Magicbane by Anhur
 2114: reached Mine Town
 5501: killed by a gnome lady, while frozen by a floating eye's gaze

Spells:
 Name                 Level Category     Fail Retention
 force bolt             1   attack        75%   71%-80%
 identify               3   divination   100%   51%-75%

Skills:
 Fighting Skills
   bare handed combat [Unskilled]
   riding             [Unskilled]
 Weapon Skills
   dagger             [Unskilled]
   knife              [Unskilled]
   axe                [Unskilled]
   short sword        [Unskilled]
   club               [Unskilled]
   mace               [Unskilled]
   quarterstaff       [Basic]
   polearms           [Unskilled]
   spear              [Unskilled]
   trident            [Unskilled]
   sling              [Unskilled]
   dart               [Unskilled]
   shuriken           [Unskilled]
 Spellcasting Skills
   attack spells      [Basic]
   healing spells     [Unskilled]
   divination spells  [Unskilled]
   enchantment spells [Basic]
   clerical spells    [Unskilled]
   escape spells      [Unskilled]
   matter spells      [Unskilled]

Voluntary challenges:
 Character rerolling was not enabled.
 You never genocided any monsters.
 You never polymorphed an object.
 You never changed form.
 You used no wishes.
Achievements:
 You entered the Gnomish Mines.
 You attained the rank of Conjurer.
 You entered Minetown.
 You entered a temple.
 You entered a shop.

 The Dungeons of Doom: levels 1 to 3
    Level 1:
    Level 2:
       An altar to Anhur.
       Stairs down to The Gnomish Mines.
    Level 3:
 The Gnomish Mines: levels 3 to 8
    Level 3:
    Level 4:
    Level 5:
    Level 6:
       Many shops, a temple and an altar, many fountains.
    Level 7:
    Level 8: <- You were here.
       Final resting place for
          you, killed by a gnome lady, while frozen by a floating eye's gaze.


Vanquished creatures:
  a small mimic
  a glass piercer
  2 watchmen
  3 giant spiders
 an imp
 an orc shaman
  a rock piercer
  a pony
  2 fog clouds
 10 gnome leaders
  a gnomish wizard
  5 elf zombies
  a giant ant
  2 little dogs
  a floating eye
  a kitten
 13 dwarves
  a kobold leader
  2 rothes
  a centipede
  a giant bat
 an orc zombie
 an iguana
 an acid blob
  3 hobbits
  a hobgoblin
  a giant rat
  a cave spider
  a yellow mold
  a green mold
 43 gnomes
  2 gnome zombies
  4 geckos
 13 jackals
  2 foxes
  3 goblins
  2 sewer rats
  5 grid bugs
  a bat
 11 lichens
  6 newts
155 creatures vanquished.

No species were genocided or became extinct.

Game over:
                       ----------
                      /          \
                     /    REST    \
                    /      IN      \
                   /     PEACE      \
                  /                  \
                  |    Atomicjoy     |
                  |      594 Au      |
                  |   killed by a    |
                  |    gnome lady    |
                  |                  |
                  |                  |
                  |       2026       |
                 *|     *  *  *      | *
        _________)/\\_//(\/(/\)/\//\/|_)_______

Goodbye Atomicjoy the Wizard...

You died in The Gnomish Mines on dungeon level 8 with 1301 points,
and 594 pieces of gold, after 5501 moves.
You were level 4 with a maximum of 36 hit points when you died.

